 Dungeon Crawl Stone Soup version 0.27-a0-1331-g60ef6b6952 (webtiles) character file.

Game seed: 7439609680948323607

109379 Delamore the Unseen (level 16, -7/116 HPs)
             Began as an Octopode Brigand on June 25, 2021.
             Was an Initiate of Gozag.
             Mangled by a jumping spider (10 damage)
             ... on level 1 of the Spider Nest.
             The game lasted 01:00:51 (34399 turns).

Delamore the Unseen (Octopode Brigand)             Turns: 34399, Time: 01:00:51

Health: -7/116     AC:  7    Str: 28    XL:     16   Next: 52%
Magic:  25/25      EV: 26    Int: 10    God:    Gozag
Gold:   771        SH:  0    Dex: 21    Spells: 15/15 levels left

rFire    + + .     SeeInvis +   Q - +6 rapier of the Lair of Beasts {vamp, rElec Will+ Dex+2}
rCold    + . .     Faith    .   (no shield)
rNeg     + + .     Spirit   .   L - +2 hat
rPois    +         Reflect  .   U - necklace of Bloodlust {*Rage +Rage Will++ Int-3 Slay+6}
rElec    +         Harm     .   f - ring of positive energy
rCorr    +         Rampage  .   h - ring of protection from cold
Will     ++++.     Rnd*Rage +   n - ring of Impatience {Drain MP+9 Str+10 Stlth+}
Stlth    ++++++++++             a - +4 ring of slaying
HPRegen  0.29/turn              x - ring of Tufenox {rF+ Str+6 Stlth+}
MPRegen  0.19/turn              T - ring of Yfodimer {rPois rF+ rN+}
                                V - +4 ring of protection
                                I - ring "Ujang" {Fly rElec rCorr SInv}

@: gold aura, flying, studying 3 skills
A: almost no armour, amphibious, 8 rings, camouflage 1, gelatinous body 1,
(nimble swimmer 1), tentacles
a: Renounce Religion, Evoke Berserk Rage, Potion Petition, Call Merchant, Bribe
Branch


You were on level 1 of the Spider Nest.
You worshipped Gozag.
Gozag was pleased with you.
You visited 5 branches of the dungeon, and saw 25 of its levels.
You visited 1 bazaar.

You collected 7062 gold pieces.
You spent 4772 gold pieces at shops.
You paid 1519 gold pieces to Gozag.

Inventory:

Hand Weapons
 Q - the +6 rapier of the Lair of Beasts (weapon) {vamp, rElec Will+ Dex+2}
   (You bought it in a shop in a bazaar)

   It inflicts no extra harm, but heals its wielder when it wounds a living foe.
   It affects your dexterity (+2).
   It insulates you from electricity.
   It increases your willpower.
 R - the +6 dagger "Neoshruich" {freeze, +Blink Will+++ Dex+2 Stlth-}
   (You bought it in a shop on level 11 of the Dungeon)

   It has been specially enchanted to freeze those struck by it, causing extra
   injury to most foes and up to half again as much damage against particularly
   susceptible opponents.
   It can also slow down cold-blooded creatures.
   It affects your dexterity (+2).
   It lets you blink.
   It greatly increases your willpower.
   It makes you less stealthy.
 S - the +5 dagger of the Median {antimagic, rCorr Int-4 SInv}
   (You bought it in a shop in a bazaar)

   It reduces the magical energy of the wielder, and disrupts the spells and
   magical abilities of those hit.
   Natural abilities and divine invocations are not affected.
   It affects your intelligence (-4).
   It lets you see invisible.
   It protects you from acid and corrosion.
Missiles
 b - 94 poisoned darts
 p - 8 boomerangs of dispersal
 t - 8 throwing nets
 v - 20 javelins
 E - 30 boomerangs (quivered)
 G - 4 curare-tipped darts
 Y - 4 atropa-tipped darts
Armour
 H - a +0 kite shield
 L - a +2 hat (worn)
Jewellery
 a - a +4 ring of slaying (on tentacle)
 f - a ring of positive energy (left tentacle)
 h - a ring of protection from cold (right tentacle)
 n - the ring of Impatience (on tentacle) {Drain MP+9 Str+10 Stlth+}
   (You acquired it on level 3 of the Dungeon)

   [ring of magical power]

   It affects your strength (+10).
   It affects your magic capacity (+9).
   It drains your maximum health when unequipped.
   It makes you more stealthy.
 x - the ring of Tufenox (on tentacle) {rF+ Str+6 Stlth+}
   (You took it off a deep elf pyromancer on level 14 of the Dungeon)

   [ring of strength]

   It affects your strength (+6).
   It protects you from fire.
   It makes you more stealthy.
 I - the ring "Ujang" (on tentacle) {Fly rElec rCorr SInv}
   (You bought it in a shop on level 11 of the Dungeon)

   [ring of flight]

   It insulates you from electricity.
   It lets you see invisible.
   It grants you flight.
   It protects you from acid and corrosion.
 T - the ring of Yfodimer (on tentacle) {rPois rF+ rN+}
   (You bought it in a shop on level 11 of the Dungeon)

   [ring of poison resistance]

   It protects you from fire.
   It protects you from poison.
   It protects you from negative energy.
 U - the necklace of Bloodlust (around mantle) {*Rage +Rage Will++ Int-3 Slay+6}
   (You found it on level 3 of the Lair of Beasts)

   [amulet of nothing]

   It affects your intelligence (-3).
   It affects your accuracy and damage with ranged weapons and melee attacks
   (+6).
   It lets you go berserk.
   It may make you go berserk in combat.
   It greatly increases your willpower.
 V - a +4 ring of protection (on tentacle)
Wands
 c - a wand of flame (96)
 k - a wand of paralysis (27)
 q - a wand of acid (21)
 y - a wand of iceblast (13)
 C - a wand of mindburst (13)
 F - a wand of digging (13)
Scrolls
 e - 3 scrolls of immolation
 i - 4 scrolls of magic mapping
 j - 3 scrolls of enchant armour
 o - 9 scrolls of teleportation
 s - 3 scrolls of holy word
 u - 4 scrolls of fog
 w - a scroll of brand weapon
 z - 2 scrolls of summoning
 A - 4 scrolls of noise
 B - 8 scrolls of identify
 J - 3 scrolls of blinking
 P - 2 scrolls of fear
 X - 4 scrolls of enchant weapon
Potions
 d - 7 potions of curing
 g - 4 potions of heal wounds
 l - 3 potions of resistance
 m - a potion of might {unknown}
 r - 2 potions of ambrosia
 D - 2 potions of cancellation
 K - 3 potions of haste
 W - 2 potions of mutation
 Z - 3 potions of invisibility
Miscellaneous
 M - a tin of tremorstones (2/2)
 N - a lightning rod (4/4)


   Skills:
 + Level 12.4 Fighting
 - Level 14.0 Short Blades
 - Level 10.0 Throwing
 + Level 16.5 Dodging
 + Level 18.4 Stealth
 - Level 10.0 Evocations


You had 15 spell levels left.
You didn't know any spells.
Your spell library contained the following spells:

 Spells                   Type           Power      Damage    Failure   Level
 Animate Skeleton         Necr           0%         N/A       36%         1
 Apportation              Tloc           0%         N/A       36%         1
 Corona                   Hex            0%         N/A       36%         1
 Foxfire                  Conj/Fire      0%         2x1d4     36%         1
 Magic Dart               Conj           0%         1d3       36%         1
 Shock                    Conj/Air       0%         1d3       36%         1
 Summon Small Mammal      Summ           0%         N/A       36%         1
 Blink                    Tloc           N/A        N/A       50%         2
 Call Imp                 Summ           0%         N/A       50%         2
 Ensorcelled Hibernation  Hex/Ice        0%         N/A       50%         2
 Slow                     Hex            0%         N/A       50%         2
 Static Discharge         Conj/Air       0%         N/A       50%         2
 Call Canine Familiar     Summ           0%         N/A       75%         3
 Confusing Touch          Hex            0%         N/A       75%         3
 Conjure Flame            Conj/Fire      0%         6-21      75%         3
 Dazzling Flash           Conj/Hex       0%         N/A       75%         3
 Lesser Beckoning         Tloc           0%         N/A       75%         3
 Mephitic Cloud           Conj/Pois/Air  0%         N/A       75%         3
 Summon Guardian Golem    Hex/Summ       0%         N/A       75%         3
 Swiftness                Air            0%         N/A       75%         3
 Tukima's Dance           Hex            0%         N/A       75%         3
 Airstrike                Air            0%         N/A       98%         4
 Cause Fear               Hex            0%         N/A       98%         4
 Summon Ice Beast         Ice/Summ       0%         N/A       98%         4
 Summon Lightning Spire   Summ/Air       0%         N/A       98%         4
 Alistair's Intoxication  Tmut/Pois      0%         N/A       100%        5
 Lightning Bolt           Conj/Air       0%         1d11      100%        5
 Invisibility             Hex            0%         N/A       100%        6
 Dragon Form              Tmut           0%         N/A       100%        7
 Dragon's Call            Summ           0%         N/A       100%        9


Dungeon Overview and Level Annotations

Branches:
Dungeon (15/15)            Temple (1/1) D:7            Lair (6/6) D:11
 Shoals (0/4) Lair:4       Spider (1/4) Lair:2        Slime (0/5) Lair:5
    Orc (2/2) D:11            Elf (0/3) Orc:2        Vaults (0/5) D:14
 Depths (0/5) D:15

Altars:
Ashenzari
Cheibriados
Dithmenos
Elyvilon
Fedhas
Gozag
Hepliaklqana
Kikubaaqudgha
Makhleb
Nemelex Xobeh
Okawaru
Qazlal
Ru
Sif Muna
Trog
Uskayaw
Vehumet
Wu Jian
Xom
Yredelemnul
Zin
The Shining One
Beogh
Jiyva
Lugonu

Shops:
D:10 :   D:11 *=   D:12 :   D:13 [   D:14 *   Orc:2 ?((:   Lair:6 =

Annotations:
D:6 1 runed translucent door, confidenceinterval's ghost, novice MfIE
Lair:1 3 runed translucent doors, HAL9000's ghost, journeyman VSBr


Innate Abilities, Weirdness & Mutations

You cannot wear most types of armour.
You are amphibious.
You can wear up to eight rings at the same time.
Your skin changes colour to match your surroundings (Stealth+).
Your rubbery body absorbs attacks. (AC +1, EV +1)
((You are camouflaged near water. (Stealth+)))
You have tentacles for arms and can constrict up to eight enemies at once.


Message History

The redback is distracted by your dazzling golden aura.
The jumping spider leaps!
The redback bites you! The jumping spider misses you.
The jumping spider bites you but does no damage.
You barely miss the redback.
The redback is lightly wounded.
You constrict the redback.
The jumping spider leaps! x2
The orb spider weaves a glowing orb of energy.
The tarantella is distracted by your dazzling golden aura.
An orb of destruction comes into view.
You puncture the redback! You squeeze the redback!
You kill the redback!
You hear an angry hiss.
The jumping spider pounces on you.
You are caught in a web!
The jumping spider bites you.
The orb spider weaves a glowing orb of energy.
An orb of destruction comes into view.
The wavering orb of destruction hits the jumping spider!!
The jumping spider pounces on you.
You are caught in a web!
The jumping spider completely misses you.
The redback is distracted by your dazzling golden aura.
The orb spider weaves a glowing orb of energy.
The jumping spider leaps!
The jumping spider is distracted by your dazzling golden aura. x2
The jumping spider leaps!
The jumping spider hisses angrily.
You hear an angry hiss.
An orb of destruction comes into view.
The jumping spider is no longer distracted by gold. x2
The orb of destruction hits you!!!
The jumping spider leaps!
The jumping spider is distracted by your dazzling golden aura.
The jumping spider misses you. x2
The orb spider begins to weave its threads into a brightly glowing ball.
The orb spider spins a strand of pure energy. x2
The jumping spider hisses angrily.
The orb of destruction hits you!!!
* * * LOW HITPOINT WARNING * * *
The jumping spider pounces on you.
* * * LOW HITPOINT WARNING * * *
The jumping spider misses you. The jumping spider pounces on you!
You die...
Your body crumbles into a pile of gold.

..............
.....#....... .#
............#...
......#.........
[..s.s.s.......#
.......â—‹..#....#
....ssâ—‹â—‹......#
...s...$@....#
........s....#
......s....^.#
...........#..#
........s#....#
##.....#......#
##..........^#
###........##


You could see 3 orb spiders, 3 jumping spiders, a tarantella and 2 redbacks.

Vanquished Creatures
  Frances (D:14)
  Gastronok (D:10)
  A storm dragon (D:14)
  A stone giant (D:15)
  Nessos (D:12)
  Azrael (D:14)
  A dire elephant (Lair:6)
  Snorg (D:11)
  2 ettins (D:14)
  3 vault guards (D:14)
  A great orb of eyes (D:14)
  5 boulder beetles
  Fannar (D:10)
  Harold (Lair:2)
  A catoblepas (Lair:6)
  6 hydras
  12 centaur warriors
  Erica (Lair:2)
  4 two-headed ogres
  A deep troll shaman (Lair:6)
  2 tengu warriors (D:15)
  7 death yaks
  An orc high priest (Orc:2)
  Sonja (D:12)
  Nergalle (D:10)
  2 wizards (D:14)
  A lindwurm (Lair:6)
  A phantasmal warrior (D:14)
  6 orc knights
  4 deep elf pyromancers
  6 ugly things
  5 wolf spiders
  6 cyclopes
  14 elephants
  A manticore (D:14)
  2 black mambas
  Maurice (Orc:1)
  A torpor snail (Lair:6)
  10 cane toads
  A gargoyle (D:12)
  2 unseen horrors
  Joseph (D:10)
  4 kobold demonologists
  Psyche (D:10)
  3 rime drakes
  An efreet (D:15)
  14 komodo dragons
  A troll (shapeshifter) (D:14)
  4 jumping spiders (Lair:2)
  5 trolls
  2 tengu conjurers (D:14)
  A freezing wraith (D:15)
  3 meliai (D:14)
  A polar bear (Lair:1)
  22 blink frogs
  A wolf spider simulacrum (D:14)
  Grinder (D:3)
  Prince Ribbit (D:8)
  2 raiju (shapeshifter)
  6 slime creatures (D:13)
  A dream sheep (Lair:1)
  A meliai zombie (D:6)
  5 tarantellas (Lair:2)
  A shadow (D:9)
  6 redbacks
  4 wyverns
  2 wraiths
  49 yaks
  A hog (shapeshifter) (D:14)
  A vampire (D:11)
  Eustachio (D:5)
  3 fire elementals
  3 steam dragons
  A human (D:14)
  9 vampire mosquitoes
  9 basilisks
  A warg (Orc:2)
  5 acid dragons
  4 hell hounds
  20 water moccasins
  A sky beast (D:8)
  34 orc warriors
  2 black bears
  2 necrophages (D:7)
  An ice beast (shapeshifter) (D:14)
  6 ogres
  A hornet zombie (D:7)
  22 wolves
  25 centaurs
  A phantom (D:5)
  6 kobold brigands
  11 bullfrogs
  A gnoll sergeant (D:6)
  3 scorpions
  4 killer bees (D:8)
  3 electric eels (Lair:4)
  4 howler monkeys
  3 centaur zombies
  15 jellies
  9 orc priests
  3 gnoll shamans
  A hound (D:5)
  2 bullfrog skeletons
  2 centaur skeletons (D:6)
  6 iguanas
  11 orc wizards
  6 hell rats (Lair:6)
  Robin (D:4)
  5 adders
  16 gnolls
  A howler monkey skeleton (D:5)
  An ufetubus (D:5)
  4 worms
  5 dart slugs
  78 orcs
  10 ball pythons
  8 bats
  11 endoplasms
  5 giant cockroaches
  15 goblins
  12 hobgoblins
  8 jackals
  26 kobolds
  4 quokkas
  9 frilled lizards
  7 rats
733 creatures vanquished.

Vanquished Creatures (collateral kills)
  A boulder beetle (D:12)
  A yak (D:10)
2 creatures vanquished.

Vanquished Creatures (others)
  A yak (D:10)
  2 orcs (Orc:1)
  24 fungi
  62 plants
89 creatures vanquished.

Grand Total: 824 creatures vanquished

Notes
Turn   | Place    | Note
-------+----------+-------------------------------------------
     0 | D:1      | Delamore the Octopode Brigand began the quest for the Orb.
     0 | D:1      | Reached XP level 1. HP: 14/14 MP: 1/1
    56 | D:1      | Reached XP level 2. HP: 17/19 MP: 2/2
   602 | D:1      | Reached XP level 3. HP: 13/25 MP: 3/3
  1219 | D:2      | Reached XP level 4. HP: 17/30 MP: 4/4
  1360 | D:2      | Found a glowing golden altar of the Shining One.
  1532 | D:2      | Found a faded altar of an unknown god.
  1809 | D:3      | Noticed Grinder
  1821 | D:3      | Killed Grinder
  1822 | D:3      | Reached XP level 5. HP: 30/36 MP: 5/5
  1822 | D:3      | Reached XP level 6. HP: 36/42 MP: 6/6
  2456 | D:3      | Found a white marble altar of Elyvilon.
  2493 | D:3      | Found a shadowy altar of Dithmenos.
  2675 | D:3      | Found a shimmering blue altar of Sif Muna.
  2797 | D:3      | Found a stormy altar of Qazlal.
  3375 | D:3      | Identified 2 scrolls of acquirement
  3375 | D:3      | Acquired the ring of Impatience {Drain MP+9 Str+10 Stlth+}
  3377 | D:3      | Acquired a manual of Dodging
  3489 | D:4      | Identified the +0 pair of gloves of the Equator {Int+9
                  | Dex+3}
  3868 | D:4      | Found a sparkling altar of Nemelex Xobeh.
  3884 | D:4      | Found a hide-covered altar of Uskayaw.
  3982 | D:4      | Reached skill level 5 in Short Blades
  4139 | D:4      | Reached XP level 7. HP: 37/47 MP: 7/7
  4309 | D:4      | Found a bloodstained altar of Trog.
  4514 | D:4      | Noticed Robin
  4559 | D:4      | Killed Robin
  4964 | D:5      | Entered Level 5 of the Dungeon
  4964 | D:5      | Noticed Eustachio
  4965 | D:5      | Killed Eustachio
  4966 | D:5      | Reached skill level 6 in Stealth
  5193 | D:5      | Found a radiant altar of Vehumet.
  5340 | D:5      | Reached XP level 8. HP: 26/54 MP: 8/8
  5546 | D:5      | Reached skill level 5 in Dodging
  5663 | D:5      | Reached skill level 7 in Stealth
  5803 | D:5      | Found a sacrificial altar of Ru.
  5879 | D:5      | Reached skill level 5 in Fighting
  6558 | D:6      | Noticed a +3 mace of chaos
  6559 | D:6      | Found a runed translucent door.
  6559 | D:6      | Found a shimmering altar of Xom.
  6559 | D:6      | Noticed confidenceinterval's ghost (novice MfIE)
  6574 | D:6      | Reached skill level 8 in Stealth
  6574 | D:6      | Reached skill level 1 in Evocations
  6922 | D:6      | Found a burning altar of Makhleb.
  7071 | D:6      | Reached XP level 9. HP: 61/61 MP: 9/9
  7696 | D:6      | Reached skill level 9 in Stealth
  8184 | D:7      | HP: 2/61 [hornet zombie (8)]
  8483 | D:7      | Found a shimmering altar of Xom.
  8484 | D:7      | Found a shimmering altar of Xom.
  8485 | D:7      | Found a shimmering altar of Xom.
  8485 | D:7      | Found a shimmering altar of Xom.
  8486 | D:7      | Found a shimmering altar of Xom.
  8487 | D:7      | Found a shimmering altar of Xom.
  8487 | D:7      | Found a shimmering altar of Xom.
  8487 | D:7      | Found a shimmering altar of Xom.
  8540 | D:7      | Found a staircase to the Ecumenical Temple.
  8703 | Temple   | Entered the Ecumenical Temple
  9211 | D:7      | Noticed a komodo dragon
  9268 | D:6      | Killed a komodo dragon
  9647 | D:7      | Found an ornate altar of the Wu Jian Council.
  9669 | D:7      | Found a blossoming altar of Fedhas.
  9767 | D:7      | Found an iron altar of Okawaru.
 10075 | D:7      | Reached XP level 10. HP: 66/66 MP: 10/10
 10135 | D:7      | Noticed a black mamba
 10140 | D:7      | Noticed a salamander
 10153 | D:7      | Noticed a shock serpent
 10205 | D:7      | Noticed an elephant
 10207 | D:7      | Noticed a two-headed ogre
 10207 | D:7      | an elephant changed into a two-headed ogre
 10209 | D:8      | Noticed Prince Ribbit
 10224 | D:7      | Reached skill level 10 in Stealth
 10227 | D:7      | Noticed an elephant
 10227 | D:7      | a two-headed ogre changed into an elephant
 10237 | D:7      | Noticed a shock serpent
 10237 | D:7      | an elephant changed into a shock serpent
 10245 | D:7      | Noticed a cyclops
 10245 | D:7      | a shock serpent changed into a cyclops
 10254 | D:8      | Killed Prince Ribbit
 10255 | D:8      | Reached skill level 5 in Evocations
 10643 | D:8      | Reached skill level 10 in Short Blades
 12190 | D:9      | Reached skill level 5 in Throwing
 12576 | D:9      | Noticed a cyclops
 12597 | D:9      | Killed a cyclops
 13189 | D:9      | Noticed a six-headed hydra
 13196 | D:9      | Killed a six-headed hydra
 13197 | D:9      | Reached XP level 11. HP: 71/71 MP: 11/11
 13290 | D:9      | Found an opulent altar of Gozag.
 13335 | D:9      | Became a worshipper of Gozag Ym Sagoz the Greedy
 13352 | D:10     | Entered Level 10 of the Dungeon
 13429 | D:10     | Noticed Gastronok
 13450 | D:10     | Found Behatz's Book Boutique.
 13503 | D:10     | Killed Gastronok
 13722 | D:10     | Noticed Nergalle
 13739 | D:10     | Killed Nergalle
 14028 | D:10     | Noticed Joseph
 14042 | D:10     | Killed Joseph
 14222 | D:10     | Reached skill level 10 in Dodging
 14310 | D:10     | Noticed a two-headed ogre
 14314 | D:10     | Noticed Fannar
 14319 | D:10     | Killed a two-headed ogre
 14325 | D:10     | Killed Fannar
 14327 | D:10     | Noticed Psyche
 14343 | D:10     | Killed Psyche
 14995 | D:11     | Found Vaeked's Assorted Antiques.
 15001 | D:11     | Bought a slimy dagger for 175 gold pieces
 15001 | D:11     | Identified the +6 dagger "Neoshruich" {freeze, +Blink
                  | Will+++ Dex+2 Stlth-} (You bought it in a shop on level 11
                  | of the Dungeon)
 15308 | D:11     | Noticed a two-headed ogre
 15355 | D:11     | Noticed Snorg
 15356 | D:11     | Noticed a boulder beetle
 15366 | D:11     | Killed a two-headed ogre
 15701 | D:12     | Found Futacaj's Book Boutique.
 15735 | D:11     | Reached XP level 12. HP: 77/77 MP: 12/12
 15848 | D:11     | Noticed a centaur warrior
 15858 | D:11     | Killed a centaur warrior
 15995 | D:11     | Found a staircase to the Lair.
 16144 | D:11     | Killed a boulder beetle
 16290 | D:11     | Killed Snorg
 16528 | D:11     | Found a staircase to the Orcish Mines.
 16628 | Lair:1   | Entered Level 1 of the Lair of Beasts
 17435 | Lair:1   | Noticed a six-headed hydra
 17763 | Lair:1   | Killed a six-headed hydra
 18135 | Lair:1   | Found a runed translucent gate.
 18136 | Lair:1   | Found a runed translucent gate.
 18138 | Lair:1   | Noticed a quicksilver ooze
 18507 | Lair:1   | Noticed a five-headed hydra
 18514 | Lair:1   | Killed a five-headed hydra
 18564 | Lair:1   | Found a runed translucent gate.
 18567 | Lair:1   | Noticed HAL9000's ghost (journeyman VSBr)
 18826 | Lair:1   | Reached XP level 13. HP: 81/81 MP: 13/13
 18938 | Lair:1   | Found a viscous altar of Jiyva.
 18973 | Lair:2   | Noticed Erica
 18979 | Lair:2   | Killed Erica
 18999 | Lair:2   | Found a hole to the Spider Nest.
 19118 | Lair:1   | Reached skill level 10 in Evocations
 19120 | Lair:1   | Reached skill level 10 in Throwing
 19195 | D:11     | Bought the ring of Yfodimer {rPois rF+ rN+} for 534 gold
                  | pieces
 19422 | Lair:2   | Noticed Harold
 19429 | Lair:2   | Killed Harold
 19745 | Lair:2   | Identified the +2 pair of boots of the Turtle {+Inv}
 20197 | Lair:3   | Found the necklace of Bloodlust {*Rage +Rage Will++ Int-3
                  | Slay+6}
 21252 | Lair:4   | Reached skill level 11 in Stealth
 21437 | Lair:4   | Found a staircase to the Shoals.
 22245 | Lair:5   | Found a staircase to the Slime Pits.
 22459 | Lair:5   | Reached skill level 12 in Stealth
 22535 | Lair:5   | Reached XP level 14. HP: 89/92 MP: 14/14
 22578 | Lair:5   | Reached skill level 15 in Dodging
 23470 | D:11     | Bought the ring "Ujang" {Fly rElec rCorr SInv} for 578 gold
                  | pieces
 23621 | Lair:6   | Entered Level 6 of the Lair of Beasts
 23663 | Lair:6   | Reached skill level 13 in Stealth
 24454 | Lair:6   | Reached skill level 14 in Stealth
 24964 | Lair:6   | Reached skill level 10 in Fighting
 24969 | Lair:6   | Reached skill level 15 in Stealth
 25179 | Lair:6   | Noticed a dire elephant
 25196 | Lair:6   | Killed a dire elephant
 25247 | Lair:6   | Identified the ring of Boppuu {rN+ MP+9 Str+2}
 25257 | Lair:6   | Acquired a manual of Throwing
 25647 | Orc:1    | Entered Level 1 of the Orcish Mines
 25664 | Orc:1    | Noticed Maurice
 25802 | Orc:1    | Killed Maurice
 26189 | Orc:2    | Entered Level 2 of the Orcish Mines
 26363 | Orc:2    | Found a flickering gateway to a bazaar.
 26410 | Orc:2    | Found a staircase to the Elven Halls.
 26524 | Bazaar   | Entered a bazaar
 26661 | Bazaar   | Found Huimaepo's Antique Armour Boutique.
 26665 | Bazaar   | Found Ymit's Antique Weapon Boutique.
 26665 | Bazaar   | Found Saih's Antique Weapon Boutique.
 26666 | Bazaar   | Found Rihosm's Book Boutique.
 26691 | Bazaar   | Bought a crystal rapier for 198 gold pieces
 26691 | Bazaar   | Identified the +6 rapier of the Lair of Beasts {vamp, rElec
                  | Will+ Dex+2} (You bought it in a shop in a bazaar)
 26696 | Bazaar   | Bought a brightly glowing dagger for 126 gold pieces
 26696 | Bazaar   | Identified the +5 dagger of the Median {antimagic, rCorr
                  | Int-4 SInv} (You bought it in a shop in a bazaar)
 27139 | Orc:2    | Reached XP level 15. HP: 87/104 MP: 15/15
 27227 | Orc:2    | Found Obegaick's Weapon Emporium.
 27227 | Orc:2    | Found Ciadwuty's Weapon Boutique.
 27227 | Orc:2    | Found Lufev's Magic Scroll Shop.
 27409 | Orc:2    | Found Heisuami's Book Shoppe.
 27416 | Orc:2    | Bought a scroll of fog for 32 gold pieces
 27416 | Orc:2    | Bought a scroll of identify for 32 gold pieces
 27416 | Orc:2    | Bought a scroll of identify for 32 gold pieces
 27416 | Orc:2    | Bought a scroll of identify for 32 gold pieces
 27421 | Orc:2    | Bought a manual of Short Blades for 1876 gold pieces
 27576 | Orc:2    | Bought a scroll of identify for 32 gold pieces
 27576 | Orc:2    | Bought a scroll of identify for 32 gold pieces
 27576 | Orc:2    | Bought a scroll of identify for 32 gold pieces
 27576 | Orc:2    | Bought a scroll of identify for 32 gold pieces
 27835 | D:12     | Noticed Nessos
 27851 | D:12     | Killed Nessos
 28278 | D:12     | Noticed Sonja
 28286 | D:12     | Killed Sonja
 28698 | D:13     | Reached skill level 16 in Stealth
 29158 | D:13     | Found Wasecyojoch's Antique Armour Boutique.
 29652 | D:13     | Bought a glowing hat for 217 gold pieces
 29990 | D:14     | Noticed Azrael
 30140 | D:14     | Killed Azrael
 30214 | D:14     | Found Ofiyx's General Store.
 30693 | D:14     | Noticed Frances
 30699 | D:14     | Killed Frances
 31239 | D:14     | Found a runed translucent door.
 31240 | D:14     | Noticed a storm dragon
 31253 | D:14     | Killed a storm dragon
 31254 | D:14     | Reached XP level 16. HP: 76/114 MP: 16/16
 31327 | D:14     | Reached skill level 17 in Stealth
 31427 | D:14     | Identified the ring of Tufenox {rF+ Str+6 Stlth+}
 31962 | D:14     | Found a gate to the Vaults.
 32107 | D:14     | Bought a scroll of acquirement for 728 gold pieces
 32112 | D:14     | Acquired a manual of Stealth
 32114 | D:14     | Bought a potion of curing for 42 gold pieces
 32114 | D:14     | Bought a scroll of teleportation for 42 gold pieces
 32149 | D:15     | Entered Level 15 of the Dungeon
 32182 | D:15     | Found a snail-covered altar of Cheibriados.
 33556 | D:15     | Found a staircase to the Depths.
 33560 | D:15     | Reached skill level 18 in Stealth
 33762 | Spider:1 | Entered Level 1 of the Spider Nest
 34399 | Spider:1 | HP: 4/116 [disintegration (40)]
 34399 | Spider:1 | Mangled by a jumping spider

Illustrated notes

Levels and vault maps discovered:
D:1:      beargit_arrival_greenhouse, layout_rooms, minmay_misc_feat_doors,
          corner_web_ring
D:2:      layout_rooms, ebering_ecumenical_altar_abandoned, basic_altar,
          minmay_box_of_dots
D:3:      kennysheep_six_static_rooms, layout_loops_corners, lemuel_tele_altar,
          nicolae_sif_muna_condensation, general_overflow_altar,
          grunt_dithmenos_smoke_and_mirrors, serial_bayou_ford_a,
          serial_park_tiny_1, uniq_grinder
D:4:      kennysheep_goblin_castle, layout_rooms, nemelex_spade_bored_becter,
          marbit_many_paths, eat_drink_and_be_merry_uskayaw
D:5:      cheibrodos_thug_alley, layout_loops_ring, lemuel_round_altar,
          nicolae_ru_sacrificial_ziggurat, uniq_eustachio
D:6:      layout_basic, kennysheep_little_box, ebering_ghost_xom
D:7:      layout_cave_pools, xom_shifter_show, old_standard_altar,
          old_standard_altar, fedhas_bush_and_centaur_altar,
          minmay_temple_entry_hall, serial_rivers,
          chequers_serial_rivers_small_a, chequers_serial_rivers_micro_a,
          chequers_serial_rivers_micro_c, chequers_serial_rivers_micro_d,
          chequers_serial_rivers_marsh, st_stairs_7, minmay_lizard_king
D:8:      layout_basic, st_stairs_12, uniq_prince_ribbit1
D:9:      layout_basic, grunt_gozag_statues, special_room [special_room_orc],
          hangedman_decor_growths
D:10:     layout_irregular_city, serial_shops, shop, uniq_nergalle,
          uniq_gastronok, uniq_joseph, uniq_fannar, uniq_psyche
D:11:     layout_basic, lair_entry_dummy, orc_0_dummy, serial_shops,
          nicolae_diamond_shop, minmay_bent, uniq_snorg
D:12:     layout_basic, serial_shops, nicolae_shop_crystal, uniq_sonja,
          uniq_nessos
D:13:     layout_cave_pods, serial_shops, shop
D:14:     evilmike_horseshoe, layout_layer_cave, grunt_vaults_entry_fortified,
          nrook_uturn, serial_shops, shop_fountains, minivault_13, uniq_frances,
          uniq_azrael
D:15:     grunt_enter_depths_snipers, layout_loops_ring,
          minmay_tree_intersection, kennysheep_slug_shrine
Temple:   corrupted_temple
Lair:1:   layout_regular_city, gammafunk_ghost_ooze,
          hangedman_lair_generics_rect
Lair:2:   layout_hall_layers, spider_nest_entry_rubble, uniq_harold, uniq_erica
Lair:3:   layout_cave_pods
Lair:4:   layout_regular_city, minmay_shoals_entry_centaurs, serial_bayou,
          serial_bayou_crossing, serial_bayou_shore_a, serial_bayou_lagoon_a,
          serial_bayou_pond_e, serial_bayou_pond_e, guppyfry_lair_drakes,
          serial_bayou_shore_b
Lair:5:   layout_regular_city, minmay_slime_entry_jelly_boxes,
          grunt_megastairs_2
Lair:6:   grunt_lair_end_beastmaster, layout_regular_city
Spider:1: layout_spider_delve, ebering_ghost_rock_garden
Orc:1:    layout_caves, uniq_maurice
Orc:2:    st_orc_rangers, layout_diamond_mine, serial_shops, bzr_entry_safe,
          nicolae_orc_flooded_monolith

Skill      XL: |  1  2  3  4  5  6  7  8  9 10 11 12 13 14 15 16 |
---------------+-------------------------------------------------+-----
Short Blades   | 3 4 5 6 8 9 11 12 13 14 | 14.0
Dodging        | 3 4 5 7 11 13 14 15 16 | 16.5
Fighting       | 3 4 5 7 10 11 12 | 12.4
Stealth        | 6 8 9 10 12 15 16 18 | 18.4
Evocations     | 2 4 5 6 9 10 | 10.0
Throwing       | 3 5 7 9 10 | 10.0

Action                   |  1- 3 |  4- 6 |  7- 9 | 10-12 | 13-15 | 16-18 || total
-------------------------+-------+-------+-------+-------+-------+-------++-------
Melee: Dagger            |    67 |    90 |   251 |   221 |   482 |       ||  1111
       Constrict         |    14 |    25 |    51 |    27 |   102 |    21 ||   240
       Tentacles         |     7 |    26 |    72 |    99 |   288 |    37 ||   529
       Short sword       |       |       |       |   101 |       |       ||   101
       Rapier            |       |       |       |       |   262 |    97 ||   359
Throw: Dart              |     6 |    27 |    60 |   131 |    43 |    42 ||   309
       Javelin           |       |       |       |    10 |       |       ||    10
       Throwing net      |       |       |       |     1 |       |       ||     1
       Boomerang         |       |       |       |       |       |    11 ||    11
Invok: Call Merchant     |       |       |       |     1 |     1 |       ||     2
Evoke: Wand              |       |     1 |     9 |    24 |    16 |       ||    50
       Tin of tremorston |       |       |       |       |     2 |       ||     2
  Use: Scroll            |       |     3 |     4 |     9 |    16 |     1 ||    33
       Potion            |       |       |       |     5 |     1 |       ||     6
 Stab: Sleeping          |    13 |    11 |    18 |    32 |    71 |    11 ||   156
       Paralysed         |       |     2 |     1 |     5 |     4 |       ||    12
       Distracted        |       |       |       |     2 |    20 |     3 ||    25
       Held in net/web   |       |       |       |     1 |       |       ||     1
Armor: Skin              |    11 |     2 |     8 |    22 |    26 |    14 ||    83
Dodge: Dodged            |    57 |    35 |   131 |   219 |   471 |   154 ||  1067

Table legend: (Time is in decaauts)
 A = Elapsed time spent in this place.
 B = Non-inter-level travel time spent in this place.
 C = Inter-level travel time spent in this place.
 D = Time resting spent in this place.
 E = Time spent auto-exploring this place.
 F = Levels seen in this place.
 G = Mean time per level.
                   A        B        C        D        E       F      G
               +--------+--------+--------+--------+--------+-----+--------+
         Total |  33945 |  31961 |   1984 |   7614 |  19407 |  26 | 1305.6 |
       Dungeon |  23539 |  22246 |   1293 |   6227 |  12907 |  15 | 1569.3 |
        Temple |    120 |    106 |     14 |      0 |    105 |   1 |  120.0 |
          Lair |   8408 |   7843 |    565 |   1245 |   5434 |   6 | 1401.3 |
   Spider Nest |     23 |     23 |      0 |      0 |      0 |   1 |   23.0 |
  Orcish Mines |   1652 |   1541 |    111 |    141 |    796 |   2 |  826.0 |
        Bazaar |    200 |    200 |      0 |      0 |    164 |   1 |  200.0 |
               +--------+--------+--------+--------+--------+-----+--------+

Top non-repeatable levels by time:
    D:11: 2894 daAuts
    D:14: 2436 daAuts
     D:6: 2198 daAuts
     D:3: 1848 daAuts
  Lair:6: 1832 daAuts
    D:10: 1807 daAuts
     D:8: 1797 daAuts
     D:5: 1763 daAuts
  Lair:2: 1652 daAuts
  Lair:1: 1630 daAuts
    D:15: 1315 daAuts
     D:4: 1277 daAuts
     D:9: 1242 daAuts
    D:13: 1217 daAuts
  Lair:3: 1131 daAuts
